[ AOE2 MATCH · #506725097 ]
UnrankedVikings vs Mongols
Player's team · WIN
Rival team · LOSS
[ REPLAY ANALYSIS · EXTRACTED FROM THE RECORDED GAME ]
Feudal
10:42
Castle
—
Imperial
—
| APM avg | 60.6 |
| APM peak | 87 |
| eAPM avg | 27.2 |
| Villagers / military | 55 / 20 |
Focus
⚔️ 31.6% · 🌾 68.4%
Archer ×11 · Spearman ×6 · Militia ×3
Feudal
7:22
Castle
—
Imperial
—
| APM avg | 58.7 |
| APM peak | 101 |
| eAPM avg | 14.6 |
| Villagers / military | 38 / 8 |
Focus
⚔️ 19.5% · 🌾 80.5%
Scout Cavalry ×7 · Spearman ×1
Match map
Initial resources + every placement click. Lines = walls · curves = elevation contours. ◆ gold · ⬟ stone · ● berries · ✦ relic · ◌ wall gap
Your base· Open — 3t gap
Gkings's base· Open — 6t gap
Smoothed initial terrain · ◌ = detected wall gap · hover for details
Inputs per minute
— [CL]LaCumbiaSuave - - Gkings
Build order — [CL]LaCumbiaSuave
121 actions detected in the replay
| 0:01 | Queue | Villager (Male) |
| 0:02 | Queue | Villager (Male) |
| 0:02 | Queue | Villager (Male) |
| 0:02 | Queue | Villager (Male) |
| 0:02 | Queue | Villager (Male) |
| 0:03 | Build | House |
| 0:05 | Build | House |
| 1:25 | Build | Lumber Camp |
| 1:28 | Queue | Villager (Male) |
| 1:28 | Queue | Villager (Male) |
| 1:56 | Queue | Villager (Male) |
| 1:56 | Queue | Villager (Male) |
| 2:21 | Queue | Villager (Male) |
| 2:42 | Queue | Villager (Male) |
| 2:42 | Queue | Villager (Male) |
| 2:42 | Queue | Villager (Male) |
| 3:14 | Queue | Villager (Male) |
| 3:14 | Queue | Villager (Male) |
| 3:43 | Queue | Villager (Male) |
| 3:44 | Queue | Villager (Male) |
| 3:49 | Build | House |
| 3:57 | Queue | Villager (Male) |
| 4:15 | Build | Barracks |
| 4:26 | Queue | Villager (Male) |
| 4:37 | Queue | Villager (Male) |
| 4:43 | Build | House |
| 5:18 | Queue | Villager (Male) |
| 5:18 | Queue | Villager (Male) |
| 5:32 | Queue | Militia |
| 5:47 | Queue | Villager (Male) |
| 5:54 | Queue | Militia |
| 6:12 | Queue | Villager (Male) |
| 6:15 | Build | Mining Camp |
| 6:24 | Queue | Militia |
| 6:41 | Queue | Villager (Male) |
| 7:04 | Queue | Villager (Male) |
| 7:04 | Queue | Villager (Male) |
| 7:06 | Build | House |
| 7:23 | Queue | Villager (Male) |
| 7:37 | Research | Loom |
| 7:39 | Build | Palisade Wall |
| 7:40 | Build | Palisade Wall |
| 7:46 | Build | Palisade Wall |
| 7:48 | Build | Palisade Wall |
| 8:01 | Queue | Villager (Male) |
| 8:32 | Research | Feudal Age |
| 8:33 | Research | Feudal Age |
| 9:07 | Queue | Villager (Male) |
| 9:31 | Queue | Villager (Male) |
| 9:42 | Queue | Villager (Male) |
| 9:52 | Queue | Villager (Male) |
| 10:09 | Queue | Villager (Male) |
| 10:42 | Age | Feudal Age |
| 10:43 | Build | Archery Range |
| 10:45 | Queue | Spearman |
| 10:48 | Research | Double-Bit Axe |
| 10:57 | Research | Man-at-Arms (upgrade) |
| 11:06 | Queue | Villager (Male) |
| 11:08 | Build | House |
| 11:11 | Build | Archery Range |
| 11:18 | Queue | Villager (Male) |
| 11:28 | Queue | Archer |
| 11:28 | Queue | Archer |
| 11:37 | Queue | Spearman |
| 11:38 | Queue | Villager (Male) |
| 11:39 | Queue | Villager (Male) |
| 11:41 | Build | Mill |
| 11:42 | Queue | Villager (Male) |
| 11:51 | Queue | Spearman |
| 12:05 | Queue | Villager (Male) |
| 12:29 | Queue | Villager (Male) |
| 12:31 | Queue | Archer |
| 12:41 | Build | House |
| 12:50 | Queue | Archer |
| 12:56 | Build | Palisade Gate |
| 13:06 | Build | Farm |
| 13:06 | Build | Farm |
| 13:06 | Build | Farm |
| 13:07 | Build | Farm |
| 13:07 | Build | Farm |
| 13:07 | Build | Farm |
| 13:13 | Queue | Archer |
| 13:13 | Queue | Archer |
| 13:17 | Queue | Villager (Male) |
| 13:29 | Queue | Villager (Male) |
| 13:32 | Build | Farm |
| 13:38 | Queue | Villager (Male) |
| 13:49 | Queue | Villager (Male) |
| 13:54 | Queue | Archer |
| 13:56 | Queue | Archer |
| 13:56 | Queue | Archer |
| 14:01 | Build | Farm |
| 14:07 | Build | House |
| 14:19 | Build | Farm |
| 14:22 | Queue | Villager (Male) |
| 14:24 | Build | House |
| 14:40 | Queue | Archer |
| 14:42 | Queue | Villager (Male) |
| 14:43 | Queue | Spearman |
| 14:52 | Queue | Villager (Male) |
| 14:53 | Build | Farm |
| 14:58 | Queue | Villager (Male) |
| 15:10 | Queue | Archer |
| 15:12 | Build | House |
| 15:22 | Research | Horse Collar |
| 15:22 | Research | Horse Collar |
| 15:23 | Queue | Villager (Male) |
| 15:27 | Queue | Villager (Male) |
| 15:30 | Build | Farm |
| 15:35 | Build | House |
| 15:51 | Queue | Spearman |
| 16:09 | Queue | Villager (Male) |
| 16:13 | Build | Farm |
| 16:15 | Build | Farm |
| 16:26 | Build | House |
| 16:27 | Build | House |
| 16:29 | Queue | Villager (Male) |
| 16:35 | Build | Farm |
| 17:13 | Queue | Spearman |
| 17:14 | Queue | Villager (Male) |
| 17:14 | Queue | Villager (Male) |
Build order — Gkings
92 actions detected in the replay
| 0:01 | Queue | Villager (Male) |
| 0:03 | Build | House |
| 0:05 | Build | House |
| 0:20 | Queue | Villager (Male) |
| 0:20 | Queue | Villager (Male) |
| 0:20 | Queue | Villager (Male) |
| 1:29 | Queue | Villager (Male) |
| 1:48 | Queue | Villager (Male) |
| 2:15 | Build | Lumber Camp |
| 2:27 | Queue | Villager (Male) |
| 2:35 | Queue | Villager (Male) |
| 2:45 | Queue | Villager (Male) |
| 3:04 | Queue | Villager (Male) |
| 3:08 | Queue | Villager (Male) |
| 3:26 | Queue | Villager (Male) |
| 3:55 | Queue | Villager (Male) |
| 3:59 | Research | Loom |
| 4:34 | Build | Mill |
| 5:12 | Research | Feudal Age |
| 5:12 | Research | Feudal Age |
| 6:17 | Build | House |
| 6:19 | Build | Palisade Wall |
| 6:39 | Build | Barracks |
| 6:56 | Queue | Villager (Male) |
| 6:57 | Queue | Villager (Male) |
| 7:22 | Age | Feudal Age |
| 7:27 | Queue | Villager (Male) |
| 7:32 | Build | Stable |
| 7:41 | Queue | Spearman |
| 7:57 | Queue | Villager (Male) |
| 8:08 | Queue | Villager (Male) |
| 8:12 | Queue | Scout Cavalry |
| 8:13 | Queue | Scout Cavalry |
| 8:19 | Build | House |
| 8:25 | Build | House |
| 8:36 | Research | Double-Bit Axe |
| 9:04 | Queue | Villager (Male) |
| 9:33 | Build | Mining Camp |
| 9:45 | Queue | Villager (Male) |
| 10:01 | Queue | Villager (Male) |
| 10:19 | Queue | Villager (Male) |
| 10:31 | Queue | Villager (Male) |
| 10:40 | Research | Horse Collar |
| 10:44 | Build | Farm |
| 10:58 | Build | Watch Tower |
| 11:07 | Build | Palisade Wall |
| 11:11 | Build | Palisade Wall |
| 11:12 | Build | Palisade Wall |
| 11:12 | Build | Palisade Wall |
| 11:17 | Build | Palisade Wall |
| 11:21 | Build | Palisade Wall |
| 11:26 | Queue | Villager (Male) |
| 11:32 | Queue | Villager (Male) |
| 11:40 | Queue | Villager (Male) |
| 11:45 | Queue | Villager (Male) |
| 12:10 | Queue | Villager (Male) |
| 12:16 | Build | House |
| 12:19 | Build | Palisade Gate |
| 12:23 | Queue | Villager (Male) |
| 12:31 | Build | Farm |
| 12:38 | Build | Blacksmith |
| 12:44 | Build | Farm |
| 12:47 | Build | Farm |
| 12:48 | Queue | Villager (Male) |
| 13:06 | Build | House |
| 13:08 | Queue | Villager (Male) |
| 13:16 | Queue | Scout Cavalry |
| 13:34 | Build | Farm |
| 13:39 | Queue | Villager (Male) |
| 13:45 | Build | Farm |
| 13:59 | Queue | Scout Cavalry |
| 14:03 | Build | Farm |
| 14:07 | Build | Farm |
| 14:13 | Research | Scale Barding Armor |
| 14:40 | Research | Bloodlines |
| 14:48 | Queue | Villager (Male) |
| 14:52 | Build | Farm |
| 14:54 | Build | Farm |
| 14:58 | Build | Farm |
| 15:04 | Queue | Villager (Male) |
| 15:17 | Build | Farm |
| 15:33 | Queue | Scout Cavalry |
| 15:36 | Build | Farm |
| 15:46 | Queue | Villager (Male) |
| 15:59 | Build | House |
| 16:08 | Queue | Scout Cavalry |
| 16:13 | Build | Farm |
| 16:16 | Build | Farm |
| 16:25 | Queue | Villager (Male) |
| 16:43 | Queue | Villager (Male) |
| 16:52 | Queue | Villager (Male) |
| 16:59 | Queue | Scout Cavalry |
Match timeline
| 4:15 | [CL]LaCumbiaSuave · first_building Barracks |
| 6:19 | Gkings · wall_segment Palisade Wall x1 |
| 6:39 | Gkings · first_building Barracks |
| 7:22 | Gkings · age_up feudal |
| 7:32 | Gkings · first_building Stable |
| 7:39 | [CL]LaCumbiaSuave · wall_segment Palisade Wall x1 |
| 7:40 | [CL]LaCumbiaSuave · wall_segment Palisade Wall x1 |
| 7:46 | [CL]LaCumbiaSuave · wall_segment Palisade Wall x1 |
| 7:48 | [CL]LaCumbiaSuave · wall_segment Palisade Wall x1 |
| 10:42 | [CL]LaCumbiaSuave · age_up feudal |
| 10:43 | [CL]LaCumbiaSuave · first_building Archery Range |
| 11:07 | Gkings · wall_segment Palisade Wall x2 |
| 11:11 | Gkings · wall_segment Palisade Wall x4 |
| 11:12 | Gkings · wall_segment Palisade Wall x1 |
| 11:12 | Gkings · wall_segment Palisade Wall x1 |
| 11:17 | Gkings · wall_segment Palisade Wall x3 |
| 11:21 | Gkings · wall_segment Palisade Wall x3 |
| 17:15 | Gkings · resign |
[ AI ANALYSIS · 1 CREDIT ]
What really happened in this match?
Wolo.gg analyzes every decision: build order, eco, micro, common mistakes by bracket. Personalized analysis on WhatsApp or Discord in 30 seconds.
Civ guide
Vikings
Perfil
Jugador #3775792